 Dungeon Crawl Stone Soup version 0.22-a0-49-g614aadd (webtiles) character file.

218 Halberto the Digger (level 5, -6/28 HPs)
             Began as a Gargoyle Earth Elementalist on Jan 6, 2018.
             Mangled by an orc
             ... wielding a +0 flail
              (8 damage)
             ... on level 4 of the Dungeon on Jan 8, 2018.
             The game lasted 00:11:00 (3516 turns).

Halberto the Digger (Gargoyle Earth Elementalist)   Turns: 3516, Time: 00:11:00

Health: -6/28      AC: 10    Str: 11    XL:     5   Next: 95%
Magic:  11/11      EV: 12    Int: 17    God:
Gold:   146        SH:  0    Dex: 10    Spells: 8/12 levels left

rFire    . . .     SeeInvis .   k - +0 whip
rCold    . . .     Gourm    .   (no shield)
rNeg     + . .     Faith    .   c - +1 robe
rPois    ∞         Spirit   .   (no helmet)
rElec    +         Reflect  .   (no cloak)
rCorr    .         Harm     +   n - +2 pair of gloves
MR       .....                  (no boots)
Stlth    ++........             i - amulet of harm
HPRegen  0.09/turn              (no ring)
MPRegen  0.12/turn              (no ring)

@: no status effects
A: negative energy resistance 1, electricity resistance, unbreathing,
petrification resistance, rot immunity, AC +4
a: no special abilities


You were on level 4 of the Dungeon.
You were hungry.

You visited 1 branch of the dungeon, and saw 4 of its levels.

You collected 146 gold pieces.

Inventory:

Hand Weapons
 k - a +0 whip (weapon)
Missiles
 b - 115 stones (quivered)
Armour
 c - a +1 robe (worn)
 n - a +2 pair of gloves (worn)
Jewellery
 h - a cursed -6 ring of dexterity {unknown}
 i - an amulet of harm (around neck)
 s - an uncursed ring of fire {unknown}
Scrolls
 a - 7 scrolls of identify
 f - a scroll of magic mapping
 m - a scroll of immolation {unknown}
 q - a scroll of enchant armour
 r - a scroll of teleportation
Potions
 g - 3 potions of cancellation {unknown}
 j - a potion of degeneration {unknown}
 l - a potion of haste {unknown}
 p - a potion of heal wounds {unknown}
Books
 e - a book of Geomancy

   Spells                             Type                      Level
   a - Sandblast                      Earth                        1
   b - Passwall                       Transmutation/Earth          2
   c - Stone Arrow                    Conjuration/Earth            3
   d - Petrify                        Transmutation/Earth          4
   e - Lee's Rapid Deconstruction     Earth                        5
Comestibles
 d - 7 rations
 o - 2 chunks of flesh


   Skills:
 - Level 1.5 Dodging
 - Level 2.1 Stealth
 + Level 4.1 Spellcasting
   Level 0.7 Transmutations
 + Level 6.0 Earth Magic


You had 8 spell levels left.
You knew the following spells:

 Your Spells              Type           Power        Failure   Level  Hunger
a - Sandblast             Erth           ###...       1%          1    None
b - Stone Arrow           Conj/Erth      ##....       14%         3    ###....


Dungeon Overview and Level Annotations

Branches:
Dungeon (4/15)
 Temple: D:4-7

Altars:
Nemelex Xobeh
Qazlal


Innate Abilities, Weirdness & Mutations

You are resistant to torment.
Your stone body is resilient. (AC +4)
You are immune to poison.
You resist negative energy. (rN+)
You are resistant to electric shocks. (rElec)
You can survive without breathing.
You are immune to petrification.
You are immune to rotting.


Message History

The orc barely misses you.
You closely miss the orc.
The orc is almost dead.
The orc hits you but does no damage.
You hit the orc but do no damage.
The orc is almost dead.
The orc hits you but does no damage.
You closely miss the orc.
The orc is almost dead.
The orc hits you but does no damage.
You completely miss the orc.
The orc is almost dead.
You barely miss the orc.
The orc is almost dead.
The orc hits you with a flail.
* * * LOW HITPOINT WARNING * * *
You hit the orc but do no damage.
The orc is almost dead.
The orc hits you with a flail!
You die...

### ...##### .
.......################....
................@o!.)......
........#############.!....
......#.# ..... ...<..#..#
.... ......#..# ..#
.....!.... .# ....!...#.. #
............ ..####.....


You could see an orc.

Vanquished Creatures
  2 bullfrog skeletons
  An orc wizard (D:4)
  A worker ant (D:2)
  Robin (D:2)
  3 adders
  A worm (D:3)
  A leopard gecko (D:2)
  An orc (D:4)
  A giant cockroach (D:2)
  18 goblins
  14 hobgoblins
  A quokka (D:2)
  4 bats
  5 frilled lizards
  7 kobolds
  8 rats
69 creatures vanquished.

Notes
Turn   | Place    | Note
-------+----------+-------------------------------------------
     0 | D:1      | Halberto the Gargoyle Earth Elementalist began the quest for the Orb.
     0 | D:1      | Reached XP level 1. HP: 10/10 MP: 3/3
   389 | D:1      | Reached skill level 4 in Earth Magic
   389 | D:1      | Reached XP level 2. HP: 12/15 MP: 1/5
  1280 | D:2      | Noticed Robin
  1324 | D:1      | Reached XP level 3. HP: 18/19 MP: 6/6
  1662 | D:2      | Learned a level 3 spell: Stone Arrow
  2203 | D:2      | Found a sparkling altar of Nemelex Xobeh.
  2240 | D:2      | Killed Robin
  2240 | D:2      | Reached XP level 4. HP: 24/24 MP: 5/8
  2353 | D:2      | Reached skill level 5 in Earth Magic
  2835 | D:3      | Reached XP level 5. HP: 28/28 MP: 10/10
  2842 | D:3      | Upgraded the game from 0.22-a0-44-geb883ae to 0.22-a0-49-g614aadd
  3052 | D:3      | Noticed a fire elemental
  3054 | D:3      | Found a stormy altar of Qazlal.
  3064 | D:3      | Noticed a water elemental
  3064 | D:3      | Noticed an air elemental
  3493 | D:4      | Reached skill level 6 in Earth Magic
  3516 | D:4      | Mangled by an orc

Vault maps used:
D:1:      dpeg_arrival_ratfight
D:2:      nemelex_xobeh_ov_fountains_minmay, uniq_robin
D:3:      nicolae_qazlal_style_of_elements, first_ration
D:4:      nicolae_ru_the_path_less_chosen

Skill      XL: |  1  2  3  4  5 |
---------------+----------------+-----
Earth Magic    | 4 5 6 |  6.0
Spellcasting   | 3 4 |  4.1
Dodging        | |  1.5
Stealth        | |  2.1
Transmutations | |  0.7

Action                   |  1- 3 |  4- 6 || total
-------------------------+-------+-------++-------
Melee: Unarmed           |    14 |       ||    14
       Club              |   231 |    61 ||   292
       Whip              |       |   153 ||   153
 Cast: Sandblast         |    24 |    16 ||    40
       Stone Arrow       |       |     1 ||     1
  Use: Scroll            |     3 |     1 ||     4
 Stab: Sleeping          |     3 |       ||     3
  Eat: Chunk             |     5 |     4 ||     9
Armor: Robe              |   106 |   104 ||   210
Dodge: Dodged            |   231 |   132 ||   363

Table legend:
 A = Spawn XP
 B = Non-spawn XP
 C = Spawn XP percentage of total XP
 D = Spawn monster count
 E = Non-spawn monster count
 F = Spawn count percentage of total count
 G = Total turns spent on level
                    A         B        C        D         E        F      G
               +---------+---------+-------+---------+---------+-------+---------
         Total |       0 |     312 |   0.0 |       0 |      69 |   0.0 |  3516
               +---------+---------+-------+---------+---------+-------+---------
           D:1 |       0 |      32 |   0.0 |       0 |      21 |   0.0 |  1358
           D:2 |       0 |     123 |   0.0 |       0 |      31 |   0.0 |  1344
           D:3 |       0 |      62 |   0.0 |       0 |      13 |   0.0 |   713
           D:4 |       0 |      95 |   0.0 |       0 |       4 |   0.0 |   101
               +---------+---------+-------+---------+---------+-------+---------
